 Dungeon Crawl Stone Soup version 0.20-a0-1036-g4d371cd (webtiles) character file.

48955 Rrauwl the Bludgeoner (level 14, -3/156 HPs)
             Began as an Ogre Berserker on Apr 22, 2017.
             Was the Champion of Trog.
             Slain by a sun demon (30 damage)
             ... on level 6 of the Lair of Beasts.
             The game lasted 01:19:43 (22144 turns).

Rrauwl the Bludgeoner (Ogre Berserker)             Turns: 22144, Time: 01:19:44

Health: -3/156     AC: 10    Str: 28    XL:     14   Next: 48%
Magic:  15/15      EV: 11    Int:  8    God:    Trog [******]
Gold:   1026       SH:  0    Dex: 11    Spells: 13/13 levels left

rFire    . . .     SeeInvis .   w - +1 giant spiked club
rCold    . . .     Gourm    .   (shield currently unavailable)
rNeg     . . .     Faith    +   G - +2 robe {Archmagi}
rPois    +         Spirit   .   i - +2 hat
rElec    .         Reflect  .   v - +2 cloak {rPois}
rCorr    .         Harm     .   (gloves unavailable)
MR       +....                  (boots unavailable)
Stlth    +.........             K - amulet of faith
Regen    0.4/turn               k - +1 ring of slaying
MPRegen  0.2/turn               b - +3 ring of strength

@: no status effects
A: unfitting armour, tough skin 1
a: Berserk, Trog's Hand, Brothers in Arms, Burn Spellbooks, Renounce Religion


You were on level 6 of the Lair of Beasts.
You worshipped Trog.
Trog was exalted by your worship.
You were not hungry.

You visited 3 branches of the dungeon, and saw 16 of its levels.
You also visited: Labyrinth.

You collected 1026 gold pieces.

Inventory:

Hand Weapons
 a - a +2 flail of protection
 w - a +1 giant spiked club (weapon)
 D - the +1 war axe "Etiriset" {elec, rC+}
   (You found it on level 5 of the Lair of Beasts)

   Occasionally, upon striking a foe, it will discharge some electrical energy
   and cause terrible harm.
   It protects you from cold.
Missiles
 s - 5 tomahawks of dispersal (quivered)
Armour
 i - a +2 hat (worn)
 j - a +2 large shield of protection
 v - a +2 cloak of poison resistance (worn)
 A - a scarf of cold resistance
 G - a +2 robe of the Archmagi (worn)
Jewellery
 b - a +3 ring of strength (right hand)
 d - an uncursed ring of flight
 k - a +1 ring of slaying (left hand)
 K - an amulet of faith (around neck)
Wands
 c - a wand of flame (30/48)
 g - a wand of disintegration (4/24)
 h - a wand of confusion (18/48)
 m - a wand of acid (15/15)
 p - a wand of disintegration (7/24)
 r - a wand of disintegration (9/24)
 u - a wand of acid (6/15)
 z - a wand of enslavement (7/24)
 F - a wand of iceblast (7/15)
 L - a wand of scattershot (3/9)
Scrolls
 e - 2 scrolls of teleportation
 f - 3 scrolls of identify
 n - a scroll of blinking
 x - a scroll of enchant armour
 y - a scroll of vulnerability
 C - 2 scrolls of fog
 I - a scroll of fear
Potions
 l - a potion of haste
 q - 2 potions of cancellation
 B - 2 potions of curing
 J - a potion of agility
Comestibles
 t - 3 meat rations
 E - 4 chunks of flesh
 H - 9 royal jellies


   Skills:
 - Level 14.0 Fighting
 + Level 18.6 Maces & Flails
 - Level 3.0 Armour
 + Level 4.2 Dodging
 - Level 2.0 Evocations


You had 13 spell levels left.
You didn't know any spells.

Dungeon Overview and Level Annotations

Branches:
Dungeon (9/15)             Temple (1/1) D:5            Lair (6/6) D:8
  Swamp (0/4) Lair:3       Spider (0/4) Lair:3        Slime (0/5) Lair:6
    Orc (0/2) D:9

Altars:
Ashenzari
Cheibriados
Dithmenos
Elyvilon
Fedhas
Gozag
Hepliaklqana
Kikubaaqudgha
Makhleb
Nemelex Xobeh
Okawaru
Qazlal
Ru
Sif Muna
Trog
Uskayaw
Vehumet
Wu Jian
Xom
Yredelemnul
Zin
The Shining One
Jiyva

Shops:
D:9 [


Innate Abilities, Weirdness & Mutations

You are too large for most types of armour.
You have tough skin. (AC +1)


Message History

Unknown command.
Okay, then.
Okay, then.
You feel much better. The hell hound bites you.
You puncture the sun demon!
The sun demon is almost dead.
You hit the sun demon but do no damage.
The sun demon is almost dead.
The sun demon hits you!!
* * * LOW HITPOINT WARNING * * *
You are engulfed in flames!!
* * * LOW HITPOINT WARNING * * *
You feel much better. The sun demon misses you.
You barely miss the sun demon.
The sun demon is almost dead.
The sun demon closely misses you.
You barely miss the sun demon.
The sun demon is almost dead.
The sun demon hits you!!
You die...

#..#.8§..# ....t
#...#.8..###############
#..8.8†..'.....).......#
♣#........#...8†...8....#
♣♣'#########.............#
♣.♣♣♣ ######''#######
....♣♣♣ ♣....♣ ♣♣....♣♣♣
♣♣3.♣♣ ♣♣♣♣...♣♣ ♣♣♣@.♣♣
♣♣...♣♣♣♣♣..♣♣♣
♣♣♣...♣..♣♣♣ ♣....♣♣♣
♣...♣♣ ♣♣..♣ ♣♣♣♣ ♣♣♣♣
♣♣♣♣♣♣♣♣♣ ♣♣♣..♣
♣..♣♣♣♣♣♣♣....♣.♣♣♣♣...♣#
........♣♣.......♣....##


You could see a sun demon.

Vanquished Creatures
  Gastronok (Lair:2)
  2 entropy weavers (Lair:5)
  A minotaur (Lab)
  9 hydras
  Erica (D:8)
  A catoblepas (Lair:3)
  A two-headed ogre (D:8)
  A queen ant (Lair:5)
  6 death yaks
  A wizard (Lair:6)
  Pikel (D:8)
  A black mamba (Lair:6)
  An elephant (Lair:4)
  Psyche (D:8)
  2 orange demons (Lair:6)
  A torpor snail (Lair:4)
  14 spiny frogs
  6 komodo dragons
  6 rime drakes
  4 polar bears
  2 red devils (Lair:6)
  Prince Ribbit (D:6)
  10 blink frogs
  8 hippogriffs
  48 yaks
  2 wyverns
  3 basilisks
  A hungry ghost (D:8)
  5 soldier ants (Lair:5)
  14 water moccasins
  3 hell hounds (Lair:6)
  10 porcupines
  5 orc warriors (D:9)
  2 phantoms (D:8)
  3 ice beasts
  6 wolves (Lair:6)
  A necrophage (D:6)
  4 ogres
  4 centaurs
  19 crocodiles
  A big kobold (D:8)
  8 bullfrogs
  A gnoll sergeant (D:8)
  A wyvern zombie (D:7)
  5 scorpions
  2 crimson imps
  A centaur zombie (D:5)
  2 hounds
  7 jellies
  4 bullfrog skeletons
  3 orc priests
  A centaur skeleton (D:7)
  An iron imp (D:6)
  6 orc wizards
  An iguana (D:5)
  16 worker ants
  A hound zombie (D:6)
  A hound skeleton (D:5)
  4 gnolls (D:8)
  6 adders
  2 shadow imps
  7 oozes
  8 adder skeletons
  A dart slug (D:1)
  3 leopard geckos
  27 orcs
  2 ball pythons
  8 bats
  6 giant cockroaches
  6 goblins
  7 hobgoblins
  19 jackals
  10 kobolds
  4 quokkas
  A ball python skeleton (D:4)
  5 frilled lizards
  7 rats
  A fungus (Lair:3)
408 creatures vanquished.

Vanquished Creatures (collateral kills)
  Urug (Lair:2)
  The ghost of Murumi the Covert, a novice NaEn of Cheibriados (D:7)
2 creatures vanquished.

Vanquished Creatures (others)
  4 slaves (D:8)
  A bullfrog (D:8)
  A kobold (D:8)
  A bush (Lair:6)
  15 fungi
  15 plants
37 creatures vanquished.

Grand Total: 447 creatures vanquished

Notes
Turn   | Place    | Note
-------+----------+-------------------------------------------
     0 | D:1      | Rrauwl the Ogre Berserker began the quest for the Orb.
     0 | D:1      | Reached XP level 1. HP: 24/24 MP: 1/1
   144 | D:1      | Reached XP level 2. HP: 14/32 MP: 2/2
   402 | D:1      | Reached XP level 3. HP: 25/40 MP: 3/3
   425 | D:1      | Reached skill level 3 in Maces & Flails
   616 | D:1      | Reached ** piety under Trog
  1106 | D:2      | Reached XP level 4. HP: 42/49 MP: 4/4
  1518 | D:3      | Reached skill level 5 in Fighting
  1647 | D:3      | Reached XP level 5. HP: 57/57 MP: 5/5
  2186 | D:3      | Reached *** piety under Trog
  2330 | D:3      | Reached skill level 4 in Maces & Flails
  2349 | D:3      | Reached XP level 6. HP: 63/67 MP: 6/6
  2779 | D:4      | Got a jewelled quarterstaff
  2785 | D:4      | Identified the cursed +1 quarterstaff "Undertaker" {flame, rElec rF+ rC-} (You found it on level 4 of the Dungeon)
  2879 | D:4      | Got a twisted battleaxe
  2885 | D:4      | Identified the cursed +1 battleaxe of Optimality {chop, rC+ Int+3 SInv} (You found it on level 4 of the Dungeon)
  3183 | D:4      | Reached skill level 1 in Armour
  3723 | D:5      | Entered Level 5 of the Dungeon
  3944 | D:5      | Reached XP level 7. HP: 53/75 MP: 7/7
  3953 | D:5      | HP: 1/75 [orc priest/club (6)]
  3971 | D:5      | Found a staircase to the Ecumenical Temple.
  3994 | D:5      | Reached skill level 5 in Maces & Flails
  4953 | Temple   | Entered the Ecumenical Temple
  5392 | D:5      | Reached skill level 1 in Evocations
  5893 | D:6      | Reached XP level 8. HP: 36/83 MP: 9/9
  6144 | D:6      | Found a stormy altar of Qazlal.
  6248 | D:6      | Reached skill level 6 in Maces & Flails
  6598 | D:6      | Noticed Prince Ribbit
  6604 | D:6      | Killed Prince Ribbit
  6604 | D:6      | Reached skill level 7 in Maces & Flails
  7345 | D:6      | Reached skill level 8 in Maces & Flails
  7387 | D:6      | Found a snail-covered altar of Cheibriados.
  7598 | D:6      | Reached XP level 9. HP: 85/93 MP: 10/10
  7608 | D:6      | Reached **** piety under Trog
  8756 | D:7      | Noticed Murumi's ghost (novice NaEn)
  8765 | D:7      | Killed Murumi's ghost
  8765 | D:7      | Reached skill level 9 in Maces & Flails
  9556 | D:8      | Noticed Pikel
  9574 | D:8      | Killed Pikel
  9574 | D:8      | Reached skill level 10 in Fighting
  9574 | D:8      | Reached XP level 10. HP: 111/111 MP: 11/11
  9582 | D:8      | Found a staircase to the Lair.
  9868 | D:8      | Noticed a two-headed ogre
  9886 | D:8      | Killed a two-headed ogre
  9886 | D:8      | Reached skill level 10 in Maces & Flails
 10087 | D:8      | Noticed Erica
 10105 | D:8      | Killed Erica
 10712 | D:8      | Noticed Psyche
 10722 | D:8      | Killed Psyche
 11226 | D:9      | Found a staircase to the Orcish Mines.
 11228 | D:9      | Found Ewaant's Armour Shoppe.
 11238 | D:9      | Reached skill level 11 in Maces & Flails
 11261 | D:9      | Identified a scroll of acquirement
 11436 | D:9      | Reached XP level 11. HP: 118/126 MP: 12/12
 11572 | Lair:1   | Entered Level 1 of the Lair of Beasts
 12022 | Lair:1   | You fall through a shaft!
 12798 | Lair:2   | Noticed a four-headed hydra
 12807 | Lair:2   | Killed a four-headed hydra
 12880 | Lair:2   | Reached skill level 12 in Maces & Flails
 13059 | Lair:2   | Noticed Gastronok
 13088 | Lair:2   | Killed Gastronok
 13318 | Lair:2   | Noticed Urug
 13321 | Lair:2   | Reached skill level 13 in Maces & Flails
 13332 | Lair:2   | Killed Urug
 13332 | Lair:2   | Reached XP level 12. HP: 139/139 MP: 13/13
 13721 | Lair:3   | Found a hole to the Spider Nest.
 13843 | Lair:3   | Noticed a death yak
 13844 | Lair:3   | Noticed a death yak
 13875 | Lair:3   | Killed a death yak
 13876 | Lair:3   | Noticed a death yak
 13878 | Lair:3   | Noticed a death yak
 13883 | Lair:3   | Noticed a death yak
 14058 | Lair:3   | Killed a death yak
 14110 | Lair:3   | Killed a death yak
 14110 | Lair:3   | Reached skill level 14 in Maces & Flails
 14124 | Lair:3   | Killed a death yak
 14145 | Lair:3   | Killed a death yak
 14598 | Lair:3   | Found a staircase to the Swamp.
 14667 | Lair:3   | Noticed a catoblepas
 14678 | Lair:3   | Killed a catoblepas
 15455 | Lair:4   | Reached skill level 15 in Maces & Flails
 15733 | Lair:4   | Noticed a seven-headed hydra
 15742 | Lair:4   | Killed a seven-headed hydra
 15919 | Lair:4   | Reached XP level 13. HP: 107/146 MP: 14/14
 16744 | Lair:5   | Got a warped war axe
 16745 | Lair:5   | Identified the cursed +1 war axe "Etiriset" {elec, rC+} (You found it on level 5 of the Lair of Beasts)
 16778 | Lair:5   | Found a labyrinth entrance.
 16793 | Lab      | Entered a labyrinth
 16973 | Lab      | Noticed a minotaur
 16990 | Lab      | Killed a minotaur
 16990 | Lab      | Reached skill level 16 in Maces & Flails
 17037 | Lair:5   | Reached ***** piety under Trog
 17959 | Lair:5   | Noticed an entropy weaver
 17959 | Lair:5   | Noticed an entropy weaver
 17970 | Lair:5   | Killed an entropy weaver
 18362 | Lair:5   | Killed an entropy weaver
 18565 | Lair:6   | Entered Level 6 of the Lair of Beasts
 18891 | Lair:6   | Reached skill level 17 in Maces & Flails
 19264 | Lair:6   | Found a viscous altar of Jiyva.
 19264 | Lair:6   | Found a staircase to the Slime Pits.
 19707 | Lair:6   | Reached XP level 14. HP: 156/156 MP: 15/15
 20193 | Lair:6   | Reached ****** piety under Trog
 20278 | Lair:6   | Reached skill level 18 in Maces & Flails
 21077 | Lair:6   | Found a burning altar of Makhleb.
 21094 | Lair:6   | Received a gift from Trog
 22144 | Lair:6   | Slain by a sun demon

Vault maps used:
D:1:      elethiomel_arrival_infinity_welcomes_careful_drivers
D:3:      item_on_display_a
D:4:      first_bread
D:5:      minmay_temple_entry_glass
D:6:      nicolae_whirlpool, slow_altar_1, basic_altar, uniq_prince_ribbit1
D:8:      lair_entry_dummy, uniq_pikel, uniq_psyche, uniq_erica
D:9:      orc_david_3, serial_shops, shop, hangedman_little_slice_of_home
Temple:   compressed_dpeg_circular_temple
Lair:2:   uniq_urug, uniq_gastronok
Lair:3:   swamp_mist, spider_nest_entry_web_field
Lair:4:   st_stairs_8, beast_lair_carwin_7
Lair:5:   lab_entry_generic, wad_woods_antlair
Lair:6:   evil_forest, slime_altar_1, minivault_24, st_stairs_6
Lab:      nicolae_lab_dead_adventurers, labyrinth_skeletal_remains,
          nicolae_lab_blocks, nicolae_lab_very_dead_end, lab_block

Skill      XL: |  1  2  3  4  5  6  7  8  9 10 11 12 13 14 |
---------------+-------------------------------------------+-----
Dodging        | 3 4 |  4.2
Maces & Flails | 3 4 5 8 9 11 13 15 17 18 | 18.6
Fighting       | 5 6 7 10 12 14 | 14.0
Armour         | 2 3 |  3.0
Evocations     | 2 |  2.0

Action                   |  1- 3 |  4- 6 |  7- 9 | 10-12 | 13-15 || total
-------------------------+-------+-------+-------+-------+-------++-------
Melee: Mace              |   142 |   126 |       |       |       ||   268
       Battleaxe         |       |    58 |   182 |       |       ||   240
       Flail             |       |       |   166 |   592 |   623 ||  1381
       Whip              |       |       |       |   132 |       ||   132
       Giant spiked club |       |       |       |       |    40 ||    40
Throw: Javelin           |       |       |     3 |       |       ||     3
       Tomahawk          |       |       |     4 |       |       ||     4
Invok: Berserk           |     1 |     5 |     6 |    19 |    20 ||    51
       Burn Spellbooks   |       |       |     1 |     1 |     1 ||     3
       Trog's Hand       |       |       |     1 |     6 |     1 ||     8
       Brothers in Arms  |       |       |     1 |     1 |       ||     2
Evoke: Wand              |       |       |       |     2 |       ||     2
  Use: Scroll            |       |    10 |     4 |    12 |     8 ||    34
       Potion            |       |     4 |     7 |     4 |     3 ||    18
 Stab: Sleeping          |       |       |     5 |     2 |       ||     7
       Distracted        |       |       |     2 |       |       ||     2
  Eat: Chunk             |     2 |     7 |    13 |    20 |    24 ||    66
       Bread ration      |       |     1 |     1 |     4 |     3 ||     9
       Fruit             |       |       |     4 |     7 |     4 ||    15
       Royal jelly       |       |       |     2 |     4 |       ||     6
       Meat ration       |       |       |       |     3 |       ||     3
Armor: Animal skin       |    59 |    52 |    93 |    23 |       ||   227
       Robe              |       |       |       |   133 |   194 ||   327
       Skin              |       |       |       |     3 |       ||     3
Dodge: Dodged            |   112 |   123 |   176 |    63 |    87 ||   561
Block: Large shield      |       |       |    86 |   355 |   357 ||   798
